 Dungeon Crawl Stone Soup version 0.19-a0-1101-gcdb7c7b (webtiles) character file.

8843 AlphabetPasta the Jinx (level 11, -12/47 HPs)
             Began as a Spriggan Enchanter on Aug 8, 2016.
             Was a Follower of Ashenzari.
             Killed from afar by Josephine (23 damage)
             ... with a ghostly fireball
             ... on level 10 of the Dungeon.
             The game lasted 01:07:23 (9383 turns).

AlphabetPasta the Jinx (Spriggan Enchanter)         Turns: 9383, Time: 01:07:23

Health: -12/47     AC:  5    Str:  4    XL:     11   Next: 15%
Magic:  4/25       EV: 21    Int: 25    God:    Ashenzari [*.....]
Gold:   570        SH:  8    Dex: 22    Spells: 5 memorised, 16 levels left

rFire  + . .     SeeInvis +     a - +2 dagger (speed)
rCold  . . .     Gourm    .     D - +1 robe {rF+}
rNeg   . . .     Faith    .     m - +1 buckler
rPois  +         Spirit   .     (helmet restricted)
rElec  .         Dismiss  .     r - +1 cloak
rCorr  .         Reflect  .     (gloves unavailable)
SustAt .         Harm     .     (boots unavailable)
MR     +....                    (no amulet)
Stlth  +++++.....               o - +5 ring of dexterity
                                v - ring of poison resistance

@: brilliant, about to teleport, heavily drained, very quick
A: unfitting armour, see invisible, herbivore 3, speed 3, slow metabolism 2
a: Curse Item, Scrying, Renounce Religion


You were on level 10 of the Dungeon.
You worshipped Ashenzari.
Ashenzari was aware of your devotion.
You were not hungry.

You visited 1 branch of the dungeon, and saw 10 of its levels.

You collected 570 gold pieces.

Inventory:

Hand Weapons
 a - a +2 dagger of speed (weapon)
 b - a +2 falchion of freezing
 u - a +0 falchion
 A - a +3 dagger
 C - a +0 long sword
Missiles
 L - a throwing net (quivered)
Armour
 m - a +1 buckler (worn)
 r - a +1 cloak (worn)
 D - a +1 robe of fire resistance (worn)
 I - a +1 robe
Jewellery
 g - an uncursed ring of stealth
 j - an uncursed amulet of regeneration
 o - a +5 ring of dexterity (right hand)
 q - an uncursed ring of positive energy
 v - a ring of poison resistance (left hand)
 G - an uncursed ring of flight
Wands
 p - a wand of paralysis (5/24)
 s - a wand of polymorph (13/24)
 z - a wand of enslavement (11/24)
 E - a wand of slowing (6/48)
Scrolls
 f - 7 scrolls of teleportation
 y - 2 scrolls of magic mapping
 F - 2 scrolls of remove curse
 K - a scroll of amnesia
Potions
 e - a potion of berserk rage {unknown}
 h - 3 potions of curing
 i - a potion of resistance
 k - a potion of brilliance
 l - 2 potions of agility
 t - 2 potions of flight {unknown}
 x - 3 potions of might
 B - a potion of heal wounds {unknown}
 H - a potion of haste {unknown}
 J - a potion of cancellation {unknown}
Books
 c - a book of Maledictions

   Spells                             Type                      Level
   a - Corona                         Hexes                        1
   b - Ensorcelled Hibernation        Hexes/Ice                    2
   c - Confuse                        Hexes                        3
   d - Tukima's Dance                 Hexes                        3
   e - Dazzling Spray                 Conjuration/Hexes            3
 w - a book of Dreams

   Spells                             Type                      Level
   a - Ensorcelled Hibernation        Hexes/Ice                    2
   b - Silence                        Hexes/Air                    5
   c - Darkness                       Hexes                        6
   d - Shadow Creatures               Summoning                    6
Comestibles
 d - 3 bread rations
 n - 18 fruits


   Skills:
 + Level 8.7(6.9) Short Blades
 + Level 6.8(5.2) Dodging
 - Level 9.7(7.9) Stealth
 - Level 4.0(2.4) Shields
 + Level 9.1(7.4) Spellcasting
 * Level 12.3(10.4) Hexes
 - Level 3.2(1.7) Evocations


You had 16 spell levels left.
You knew the following spells:

 Your Spells              Type           Power        Failure   Level  Hunger
a - Corona                Hex            ######.      1%          1    None
b - Ensorcelled Hibernat  Hex/Ice        ######       1%          2    None
c - Confuse               Hex            ######..     1%          3    None
d - Dazzling Spray        Conj/Hex       ######       1%          3    None
e - Tukima's Dance        Hex            ######..     1%          3    None


Dungeon Overview and Level Annotations

Branches:
Dungeon (10/15)            Temple (0/1) D:7            Lair (0/6) D:10
    Orc (0/2) D:9

Altars:
Ashenzari
Dithmenos
Fedhas
Nemelex Xobeh
Qazlal
Uskayaw
Xom
The Shining One

Portals:
Trove: D:10 (give +3 gold dragon armour)

Annotations:
D:10 Josephine


Innate Abilities, Weirdness & Mutations

You are tiny and cannot use many weapons and most armour.
You have supernaturally acute eyesight. (SInv)
You are a herbivore.
You cover ground extremely quickly.
You need consume almost no food.


Message History

Press: ? - help, Shift-Dir - straight line, f/p - Josephine
Aim: Josephine, wielding a dagger and wearing a robe (chance to defeat MR: 19%) Josephine resists with almost no effort.
This wand has 6 charges left.
Josephine hits you with a dagger.
Evoke which item? (* to show all) (? for menu, Esc to quit)
Zapping:
p - a wand of paralysis (6/24)
Press: ? - help, Shift-Dir - straight line, f/p - Josephine
Aim: Josephine, wielding a dagger and wearing a robe (chance to defeat MR: 19%) Josephine resists with almost no effort.
This wand has 5 charges left.
You block Josephine's attack.
As you read the scroll of teleportation, it crumbles to dust.
You feel strangely unstable. Josephine casts a spell at you.
The ghostly flame explodes!
The ghostly fireball engulfs you!
You feel drained.
* * * LOW HITPOINT WARNING * * *
The ghostly fireball engulfs Josephine.
Josephine completely resists.
You barely miss Josephine. Josephine casts a spell at you.
The ghostly flame explodes!
The ghostly fireball engulfs you!
You feel drained.
You die... #.##.W...# .
PPP...

#.##.....#
..P>PP..
#.##..@..#
.PPPP... #.#
#...# #P.P##.
#†# #.#
.#...#.. #.#
#.# .......#
#.# #.# #####.
#.####.###.#.
##
#...@@WW.>...#
######.#######
#.# #.. ####
#### #... #>##


You could see Josephine and 2 wraiths.

Vanquished Creatures
  An unseen horror (D:10)
  A hill giant (D:10)
  A gargoyle (D:10)
  3 trolls
  4 yaks (D:9)
  3 wraiths (D:10)
  2 hippogriffs
  Duvessa (D:6)
  A water moccasin (D:8)
  5 orc warriors
  A black bear (D:6)
  4 sky beasts
  5 ice beasts
  2 necrophages
  A phantom (D:4)
  7 ogres
  A centaur (D:8)
  4 big kobolds
  A crocodile (D:9)
  2 gnoll sergeants
  7 giant frogs
  Dowan (D:6)
  4 scorpions
  2 wyvern skeletons
  5 killer bees (D:9)
  9 wights
  3 crimson imps
  2 hounds
  2 jellies
  6 orc wizards
  5 orc priests
  3 centaur skeletons
  2 giant frog skeletons
  2 iguanas
  6 worker ants
  A killer bee zombie (D:6)
  A hound zombie (D:6)
  2 worker ant zombies
  7 gnolls
  3 howler monkey skeletons
  9 adders
  A shadow imp (D:5)
  3 dart slugs (D:1)
  7 giant geckos
  40 orcs
  4 ball pythons
  5 giant cockroaches
  5 hobgoblins
  8 jackals
  6 quokkas
  5 bats
  A giant cockroach zombie (D:5)
  2 giant gecko skeletons (D:5)
  A giant gecko zombie (D:5)
  7 giant newts
  2 goblins
  20 kobolds
  3 quokka skeletons
  9 rats
261 creatures vanquished.

Vanquished Creatures (collateral kills)
  A gnoll (D:7)
  A giant cockroach (D:5)
2 creatures vanquished.

Vanquished Creatures (others)
  2 yaks (D:9)
  An orc (D:9)
3 creatures vanquished.

Grand Total: 266 creatures vanquished

Notes
Turn   | Place    | Note
-------+----------+-------------------------------------------
     0 | D:1      | AlphabetPasta the Spriggan Enchanter began the quest for the Orb.
     0 | D:1      | Reached XP level 1. HP: 9/9 MP: 5/5
   269 | D:1      | Reached XP level 2. HP: 13/13 MP: 6/6
   273 | D:1      | Learned a level 2 spell: Ensorcelled Hibernation
   544 | D:1      | Reached skill level 4 in Hexes
  1160 | D:2      | Reached XP level 3. HP: 16/16 MP: 2/8
  1414 | D:2      | Learned a level 3 spell: Confuse
  2044 | D:3      | Found a glowing golden altar of the Shining One.
  2136 | D:3      | Reached skill level 5 in Stealth
  2155 | D:3      | Reached XP level 4. HP: 17/21 MP: 1/9
  2880 | D:4      | Noticed a phantom
  2897 | D:4      | Killed a phantom
  2897 | D:4      | Reached skill level 5 in Hexes
  2897 | D:4      | Reached XP level 5. HP: 24/24 MP: 8/11
  2946 | D:4      | Reached skill level 1 in Shields
  3103 | D:4      | Learned a level 3 spell: Confuse
  3107 | D:4      | Learned a level 3 spell: Dazzling Spray
  3128 | D:5      | Entered Level 5 of the Dungeon
  3183 | D:5      | Reached XP level 6. HP: 23/28 MP: 3/12
  3582 | D:5      | Reached XP level 7. HP: 25/32 MP: 7/14
  3687 | D:5      | Reached skill level 6 in Hexes
  4198 | D:6      | Reached skill level 5 in Short Blades
  4332 | D:6      | Found a sparkling altar of Nemelex Xobeh.
  4376 | D:6      | Reached skill level 5 in Spellcasting
  4376 | D:6      | Reached skill level 7 in Hexes
  4658 | D:6      | Found a shattered altar of Ashenzari.
  4661 | D:6      | Became a worshipper of Ashenzari the Shackled
  4738 | D:6      | Reached XP level 8. HP: 36/36 MP: 13/16
  4744 | D:6      | Found a stormy altar of Qazlal.
  4883 | D:6      | Noticed Dowan
  4904 | D:6      | Noticed Duvessa
  4913 | D:6      | Killed Duvessa
  4915 | D:6      | Killed Dowan
  5207 | D:7      | Reached skill level 8 in Hexes
  5875 | D:7      | Found a shadowy altar of Dithmenos.
  5934 | D:7      | Reached XP level 9. HP: 39/39 MP: 15/19
  6234 | D:7      | Found a blossoming altar of Fedhas.
  6309 | D:7      | Reached skill level 9 in Hexes
  6359 | D:7      | Found a staircase to the Ecumenical Temple.
  6731 | D:7      | Upgraded the game from 0.19-a0-1099-g481dbaa to 0.19-a0-1101-gcdb7c7b
  6813 | D:7      | Reached skill level 5 in Dodging
  7062 | D:8      | Noticed a hand axe
  7063 | D:8      | Found a hide-covered altar of Uskayaw.
  7063 | D:8      | Noticed a hand axe
  7373 | D:8      | Reached skill level 1 in Evocations
  7520 | D:8      | Reached skill level 10 in Hexes
  7874 | D:9      | Reached XP level 10. HP: 44/44 MP: 13/22
  7928 | D:9      | Found a shimmering altar of Xom.
  7945 | D:9      | Reached * piety under Ashenzari
  7977 | D:9      | Found a staircase to the Orcish Mines.
  8283 | D:9      | Reached skill level 11 in Hexes
  8826 | D:10     | Entered Level 10 of the Dungeon
  8904 | D:10     | Found a portal to a secret trove of treasure.
  8962 | D:10     | Noticed a hill giant
  8966 | D:10     | Killed a hill giant
  9030 | D:10     | Noticed a gargoyle
  9040 | D:10     | Killed a gargoyle
  9096 | D:10     | Learned a level 3 spell: Tukima's Dance
  9142 | D:10     | Noticed an unseen horror
  9142 | D:10     | Reached skill level 12 in Hexes
  9142 | D:10     | Reached XP level 11. HP: 47/47 MP: 19/24
  9147 | D:10     | Killed an unseen horror
  9177 | D:10     | Found a staircase to the Lair.
  9347 | D:10     | Noticed Josephine
  9383 | D:10     | Killed from afar by Josephine

Vault maps used:
D:1:      onia_arrival_larder, st_stairs_8
D:2:      first_bread
D:3:      old_standard_altar
D:6:      nicolae_qazlal_general_emergency, kennysheep_mini,
          nemelex_altar_shiori, uniq_duvessa
D:7:      fedhas_altar_fruit_tree, nicolae_dithmenos_the_darkroom
D:8:      dancing_weapons_uskayaw
D:9:      xom_confusion_cloud, kennysheep_orc_monster_closet_entryway
D:10:     dpeg_oklobed_lair, enter_trove_2, uniq_josephine

Skill      XL: |  1  2  3  4  5  6  7  8  9 10 11 |
---------------+----------------------------------+-----
Spellcasting   | 3 4 5 6 7 8 9 |  9.1
Hexes          | 4 5 7 8 10 12 | 12.3
Short Blades   | 2 3 4 5 6 7 8 |  8.7
Stealth        | 5 6 7 9 |  9.7
Shields        | 1 2 3 4 |  4.0
Dodging        | 4 5 6 |  6.8
Evocations     | 2 3 |  3.2

Action                   |  1- 3 |  4- 6 |  7- 9 | 10-12 || total
-------------------------+-------+-------+-------+-------++-------
Melee: Dagger            |    97 |    85 |   269 |   144 ||   595
       Falchion          |       |       |       |    17 ||    17
 Cast: Corona            |     6 |     1 |       |       ||     7
       Ensorcelled Hiber |    16 |    15 |    82 |    47 ||   160
       Confuse           |     2 |     4 |    38 |    18 ||    62
Evoke: Wand              |       |     1 |     3 |     6 ||    10
  Use: Scroll            |       |    13 |     7 |     2 ||    22
       Potion            |       |       |       |     1 ||     1
 Stab: Sleeping          |    25 |    26 |    69 |    49 ||   169
       Distracted        |     1 |       |     1 |       ||     2
       Confused          |     1 |     4 |    23 |    12 ||    40
       Paralysed         |       |     1 |     2 |       ||     3
  Eat: Pizza             |       |     1 |     1 |       ||     2
       Bread ration      |       |     1 |       |       ||     1
       Fruit             |       |       |       |     1 ||     1
Armor: Robe              |     6 |    10 |    19 |     5 ||    40
Dodge: Dodged            |    75 |    52 |   123 |    49 ||   299
Block: Buckler           |       |       |    28 |    31 ||    59
